 Dungeon Crawl Stone Soup version 0.30-a0-567-gf7fd966b4a (webtiles) character file.

Game seed: 12537201174323844132

172 kipponium the Slicer (level 5, -4/37 HPs)
             Began as a Gnoll Wanderer on Dec 28, 2022.
             Killed by nerve-wracking pain
             ... invoked by a shadow imp
             ... summoned by Eustachio
              (10 damage)
             ... on level 4 of the Dungeon.
             The game lasted 00:08:00 (2573 turns).

kipponium the Slicer (Gnoll Wanderer)               Turns: 2573, Time: 00:08:01

Health: -4/37      AC:  3    Str: 12    XL:     5   Next: 52%
Magic:  12/12      EV: 13    Int: 14    God:
Gold:   117        SH:  0    Dex: 10    Spells: 13/14 levels left

rFire   . . .      SeeInvis +    u - +0 short sword (elec)
rCold   . . .      Faith    .    (no shield)
rNeg    . . .      Spirit   .    d - +0 robe
rPois   .          Reflect  .    (no helmet)
rElec   .          Harm     .    b - +0 cloak
rCorr   .          Rampage  .    (no gloves)
Will    .....                    (no boots)
Stlth   ++                       (no amulet)
HPRegen 0.26/turn                s - ring of see invisible
MPRegen 0.13/turn                (no ring)

@: no status effects
A: fangs 1, strong nose, distributed training
a: no special abilities


You were on level 4 of the Dungeon.
You visited 1 branch of the dungeon, and saw 4 of its levels.

You collected 117 gold pieces.

Inventory:

Hand Weapons
 u - a +0 short sword of electrocution (weapon)
 v - a +2 short sword of freezing
Missiles
 h - 10 poisoned darts (quivered)
 r - 2 silver javelins
 w - a throwing net
Armour
 b - a +0 cloak (worn)
 d - a +0 robe (worn)
Magical Staves
 t - a staff of conjuration
Jewellery
 s - a ring of see invisible (left hand)
Scrolls
 a - a scroll of brand weapon {unknown}
 e - 3 scrolls of enchant weapon {unknown}
 f - a scroll of summoning {unknown}
 j - 2 scrolls of teleportation {unknown}
 k - a scroll of fear {unknown}
 l - a scroll of noise {unknown}
 n - a scroll of identify {unknown}
 o - a scroll of silence {unknown}
 p - a scroll of fog {unknown}
 q - 3 scrolls of magic mapping {unknown}
Potions
 c - 3 potions of curing
 i - a potion of degeneration {unknown}
 m - a potion of cancellation
 x - a potion of flight {unknown}


   Skills:
 + Level 1.6 Fighting
 + Level 10.5 Short Blades
 + Level 1.6 Long Blades
 + Level 1.6 Axes
 + Level 1.6 Maces & Flails
 + Level 1.6 Polearms
 + Level 1.6 Staves
 + Level 1.6 Ranged Weapons
 + Level 1.6 Throwing
 + Level 1.6 Armour
 + Level 4.8 Dodging
 + Level 1.6 Stealth
 + Level 1.6 Shields
 + Level 1.6 Unarmed Combat
 + Level 5.2 Spellcasting
 + Level 1.2 Conjurations
 + Level 1.2 Hexes
 + Level 1.2 Summonings
 + Level 1.2 Necromancy
 + Level 1.2 Translocations
 + Level 1.2 Transmutations
 + Level 2.4 Fire Magic
 + Level 1.2 Ice Magic
 + Level 1.2 Air Magic
 + Level 1.2 Earth Magic
 + Level 1.2 Poison Magic
 + Level 1.8 Invocations
 + Level 1.6 Evocations


You had 13 spell levels left.
You knew the following spells:

 Your Spells              Type           Power      Damage    Failure   Level
a - Foxfire               Conj/Fire      32%        2x1d5     8%          1

Your spell library contained the following spells:

 Spells                   Type           Power      Damage    Failure   Level
 Shock                    Conj/Air       28%        1d4       10%         1
 Ignite Poison            Fire/Tmut/Pois 8%         N/A       26%         3
 Swiftness                Air            7%         N/A       30%         3
 Tukima's Dance           Hex            7%         N/A       30%         3
 Airstrike                Air            3%         2d(1-17)  69%         4
 Passage of Golubria      Tloc           7%         N/A       69%         4
 Yara's Violent Unravell  Hex/Tmut       3%         3d4       95%         5


Dungeon Overview and Level Annotations

Branches:
Dungeon (4/15)
 Temple: D:4-7

Altars:

Annotations:
D:4 Eustachio


Innate Abilities, Weirdness & Mutations

You have very sharp teeth.
Your uncanny sense of smell can sniff out nearby items.
Your experience applies equally to all skills.


Message History

You conjure some foxfire!
The foxfire hits the quokka.
The quokka is lightly wounded.
The foxfire hits the shadow imp.
The shadow imp is moderately wounded.
The quokka closely misses you.
The foxfire hits the rat.
You kill the rat!
The rat's corpse disappears in a puff of smoke!
The shadow imp gestures at you.
You barely resist. Eustachio hits you with a +0 rapier!
Casting: Foxfire (safe; 8% risk of failure)
Confirm with . or Enter, or press ? or * to list all spells.
You conjure some foxfire!
The foxfire hits the shadow imp.
The shadow imp is severely wounded.
The quokka bites you but does no damage.
The shadow imp hits you. The quokka closely misses you.
Eustachio hits you with a +0 rapier.
You hit Eustachio.
Eustachio is severely wounded.
The foxfire hits the quokka.
The quokka is heavily wounded.
The foxfire hits the quokka.
The quokka is almost dead.
You barely miss Eustachio. Your bite misses Eustachio.
Eustachio is severely wounded.
The quokka closely misses you. The shadow imp gestures at you.
You barely resist. Eustachio hits you with a +0 rapier.
* * * LOW HITPOINT WARNING * * *
It was a potion of cancellation.
You feel magically purged. The quokka bites you.
* * * LOW HITPOINT WARNING * * *
The shadow imp hits you but does no damage.
Eustachio screams, "At last I'll have my revenge!"
Eustachio hits you with a +0 rapier.
* * * LOW HITPOINT WARNING * * *
It was a potion of magic.
Magic courses through your body.
The quokka bites you but does no damage.
The shadow imp gestures at you. Pain shoots through your body!
You die...

...........#
...........+∆
...........#
...........#
...........#
...........#
.$....@5...#
......r@...#
...............
#####.###.#####
#. ... # ###


You could see Eustachio, a shadow imp (summoned) and a quokka (summoned).

Vanquished Creatures
  An ogre (D:3)
  4 adders
  2 worms (D:2)
  2 dart slugs
  4 bats
  4 endoplasms
  A giant cockroach (D:1)
  3 goblins
  4 hobgoblins
  2 quokkas (D:2)
  3 ball pythons
  6 frilled lizards
  5 kobolds
  2 rats (D:3)
43 creatures vanquished.

Vanquished Creatures (others)
  75 foxfires
75 creatures vanquished.

Grand Total: 118 creatures vanquished

Notes
Turn   | Place    | Note
-------+----------+-------------------------------------------
     0 | D:1      | Reached skill level 10 in Short Blades
     0 | D:1      | kipponium the Gnoll Wanderer began the quest for the Orb.
     0 | D:1      | kipponium set off with the following items: a +2 short
                  | sword, a +0 cloak, a potion of curing, a +0 robe; and the
                  | following spell memorised: Foxfire; and the following
                  | spells available to memorise: Ignite Poison.
     0 | D:1      | Reached XP level 1. HP: 13/13 MP: 6/6
   242 | D:1      | Reached XP level 2. HP: 15/19 MP: 7/7
   906 | D:2      | Reached skill level 5 in Spellcasting
   906 | D:2      | Reached XP level 3. HP: 25/25 MP: 5/9
  1242 | D:2      | Reached skill level 1 in Invocations
  1378 | D:2      | Reached skill level 1 in Fighting
  1378 | D:2      | Reached skill level 1 in Long Blades
  1378 | D:2      | Reached skill level 1 in Axes
  1378 | D:2      | Reached skill level 1 in Maces & Flails
  1378 | D:2      | Reached skill level 1 in Polearms
  1378 | D:2      | Reached skill level 1 in Staves
  1378 | D:2      | Reached skill level 1 in Ranged Weapons
  1378 | D:2      | Reached skill level 1 in Throwing
  1378 | D:2      | Reached skill level 1 in Armour
  1378 | D:2      | Reached skill level 1 in Stealth
  1378 | D:2      | Reached skill level 1 in Shields
  1378 | D:2      | Reached skill level 1 in Unarmed Combat
  1378 | D:2      | Reached skill level 1 in Evocations
  1702 | D:3      | Noticed an ogre
  1753 | D:3      | Killed an ogre
  1754 | D:3      | Reached skill level 1 in Conjurations
  1754 | D:3      | Reached skill level 1 in Hexes
  1754 | D:3      | Reached skill level 1 in Summonings
  1754 | D:3      | Reached skill level 1 in Necromancy
  1754 | D:3      | Reached skill level 1 in Translocations
  1754 | D:3      | Reached skill level 1 in Transmutations
  1754 | D:3      | Reached skill level 1 in Ice Magic
  1754 | D:3      | Reached skill level 1 in Air Magic
  1754 | D:3      | Reached skill level 1 in Earth Magic
  1754 | D:3      | Reached skill level 1 in Poison Magic
  1754 | D:3      | Reached XP level 4. HP: 32/32 MP: 1/11
  1754 | D:3      | Reached XP level 5. HP: 37/37 MP: 1/12
  2557 | D:4      | Noticed Eustachio
  2573 | D:4      | Killed from afar by a shadow imp

Illustrated notes

Levels and vault maps discovered:
D:1:      dpeg_arrival_pond, layout_loops_cross, minmay_surrounded
D:2:      layout_basic, skrybe_limestone_x
D:3:      layout_basic
D:4:      minmay_bubble_buster, layout_basic, uniq_eustachio

Skill      XL: |  1  2  3 |
---------------+----------+-----
Short Blades   | | 10.5
Fire Magic     | 2 |  2.4
Spellcasting   | 5 |  5.2
Invocations    | 1 |  1.8
Fighting       | 1 |  1.6
Long Blades    | 1 |  1.6
Axes           | 1 |  1.6
Maces & Flails | 1 |  1.6
Polearms       | 1 |  1.6
Staves         | 1 |  1.6
Ranged Weapons | 1 |  1.6
Throwing       | 1 |  1.6
Armour         | 1 |  1.6
Stealth        | 1 |  1.6
Shields        | 1 |  1.6
Unarmed Combat | 1 |  1.6
Evocations     | 1 |  1.6
Conjurations   | 1 |  1.2
Hexes          | 1 |  1.2
Summonings     | 1 |  1.2
Necromancy     | 1 |  1.2
Translocations | 1 |  1.2
Transmutations | 1 |  1.2
Ice Magic      | 1 |  1.2
Air Magic      | 1 |  1.2
Earth Magic    | 1 |  1.2
Poison Magic   | 1 |  1.2
Dodging        | |  4.8

Action                   |  1- 3 |  4- 6 || total
-------------------------+-------+-------++-------
Melee: Short sword       |    76 |    24 ||   100
       Bite              |     5 |     4 ||     9
       Punch             |     2 |       ||     2
Throw: Dart              |     1 |       ||     1
 Cast: Foxfire           |    21 |    22 ||    43
  Use: Potion            |       |     2 ||     2
Armor: Robe              |    12 |     5 ||    17
Dodge: Dodged            |    26 |    12 ||    38

Table legend: (Time is in decaauts)
 A = Elapsed time spent in this place.
 B = Non-inter-level travel time spent in this place.
 C = Inter-level travel time spent in this place.
 D = Time resting spent in this place.
 E = Time spent auto-exploring this place.
 F = Levels seen in this place.
 G = Mean time per level.
                   A        B        C        D        E       F      G
               +--------+--------+--------+--------+--------+-----+--------+
         Total |   2520 |   2452 |     68 |    219 |   1840 |   4 |  630.0 |
       Dungeon |   2520 |   2452 |     68 |    219 |   1840 |   4 |  630.0 |
               +--------+--------+--------+--------+--------+-----+--------+

Top non-repeatable levels by time:
     D:2: 918 daAuts
     D:3: 905 daAuts
     D:1: 681 daAuts
     D:4: 14 daAuts
